 Dungeon Crawl Stone Soup version 0.28.0-49-g6dfe1f597d (webtiles) character file.

Game seed: 7042056688638537765

109 Descartes the Grasshopper (level 4, -1/41 (44) HPs)
             Began as a Troll Warper on May 15, 2022.
             Slain by Crazy Yiuf
             ... wielding a +3 quarterstaff of chaos
              (15 damage)
             ... on level 3 of the Dungeon.
             The game lasted 00:02:28 (1988 turns).

Descartes the Grasshopper (Troll Warper)            Turns: 1988, Time: 00:02:29

HP:   -1/41 (44)    AC:  4    Str: 21    XL:     4   Next: 60%
MP:   4/4           EV:  9    Int:  9    God:
Gold: 111           SH:  0    Dex:  9    Spells: 5/5 levels left

rFire   . . .      SeeInvis .   a - +0 mace
rCold   . . .      Faith    .   (no shield)
rNeg    . . .      Spirit   .   b - +0 robe
rPois   +          Reflect  .   (helmet restricted)
rElec   .          Harm     .   (no cloak)
rCorr   .          Rampage  .   (gloves unavailable)
Will    .....                   (boots unavailable)
Stlth   +.........              (no amulet)
HPRegen 0.93/turn               m - ring of poison resistance
MPRegen 0.09/turn               (no ring)

@: drained, invisible
A: large, unfitting armour, claws 3, regeneration 1, shaggy fur 1, tough skin 1
a: no special abilities


You were on level 3 of the Dungeon.
You visited 1 branch of the dungeon, and saw 3 of its levels.

You collected 111 gold pieces.

Inventory:

Hand Weapons
 a - a +0 mace (weapon)
Missiles
 d - 5 boomerangs of dispersal (quivered)
 f - 81 stones
 s - 3 javelins
Armour
 b - a +0 robe (worn)
Jewellery
 m - a ring of poison resistance (left claw)
Scrolls
 c - a scroll of blinking
 h - a scroll of magic mapping {unknown}
 k - a scroll of identify {unknown}
 l - a scroll of torment {unknown}
 n - a scroll of immolation {unknown}
 p - a scroll of teleportation {unknown}
Potions
 e - 4 potions of might {unknown}
 g - 2 potions of curing {unknown}
 i - a potion of degeneration {unknown}
 j - a potion of brilliance {unknown}
 o - a potion of lignification {unknown}
 q - a potion of haste {unknown}
 r - 2 potions of attraction {unknown}


   Skills:
 + Level 2.6 Fighting
 + Level 2.9 Maces & Flails
 - Level 0.8 Throwing
 - Level 1.9 Dodging
 - Level 1.2 Spellcasting
 + Level 2.9 Translocations


You had 5 spell levels left.
You didn't know any spells.
Your spell library contained the following spells:

 Spells                   Type           Power      Damage    Failure   Level
 Blink                    Tloc           10%        N/A       16%         2
 Gell's Gravitas          Tloc           5%         N/A       32%         3
 Lesser Beckoning         Tloc           5%         N/A       32%         3
 Teleport Other           Tloc           5%         N/A       32%         3
 Manifold Assault         Tloc           5%         N/A       96%         5


Dungeon Overview and Level Annotations

Branches:
Dungeon (3/15)

Altars:

Annotations:
D:3 Crazy Yiuf


Innate Abilities, Weirdness & Mutations

You are too large for most types of armour.
You have claws for hands.
Your natural rate of healing is unusually fast.
You are covered in fur. (AC +1)
You have tough skin. (AC +1)


Message History

Found a stone staircase leading down.
There is a stone staircase leading up here.
You see here a staff of cold.
Crazy Yiuf laughs, "Race poople poople!"
You open the door.
Crazy Yiuf sings, "Trees, trees, trees, circus!"
You hit Crazy Yiuf.
Crazy Yiuf is moderately wounded.
Crazy Yiuf hits you with a +3 quarterstaff of chaos.
You feel drained. Crazy Yiuf barely misses you.
You hit Crazy Yiuf but do no damage.
Crazy Yiuf is moderately wounded.
Crazy Yiuf hits you with a +3 quarterstaff of chaos.
Crazy Yiuf freezes you.
You hit Crazy Yiuf.
Crazy Yiuf is moderately wounded.
Crazy Yiuf barely misses you.
You hit Crazy Yiuf but do no damage.
Crazy Yiuf is moderately wounded.
Crazy Yiuf closely misses you.
Crazy Yiuf hits you with a +3 quarterstaff of chaos.
You hit Crazy Yiuf but do no damage.
Crazy Yiuf is moderately wounded.
Crazy Yiuf hits you with a +3 quarterstaff of chaos!
You fade into invisibility!
You hit Crazy Yiuf but do no damage.
Crazy Yiuf is moderately wounded.
Crazy Yiuf yells, "Powder!"
Crazy Yiuf misses you.
You barely miss Crazy Yiuf.
Crazy Yiuf is moderately wounded.
Crazy Yiuf closely misses you.
You hit Crazy Yiuf.
Crazy Yiuf is heavily wounded.
Crazy Yiuf hits you with a +3 quarterstaff of chaos!
You feel drained.
You hit Crazy Yiuf.
Crazy Yiuf is severely wounded.
Crazy Yiuf hits you with a +3 quarterstaff of chaos!
You die...

#..####.#..###.#.#
#..# #.#..###.#.#
#..# #..........#
#### ###......###
#......... ##♣♣♣♣♣
#....#####
###...♣.♣♣♣ ###
#.........
##......♣..♣#...#
#....#####
#......♣♣♣♣@g...#
#..### #..#..♣♣
♣♣#..)# #..#
#.###♣♣ ### ####
#.# #.# ### #.#
#### ####### #.#
#.# #..# #.....#
#.#######
#.####..####...##
#.......##
#.............##
#..#......


You could see Crazy Yiuf.

Vanquished Creatures
  A jelly (D:3)
  An orc wizard (D:3)
  An adder (D:2)
  A dart slug (D:1)
  3 orcs (D:3)
  3 ball pythons (D:2)
  6 endoplasms
  4 giant cockroaches
  4 goblins (D:2)
  9 hobgoblins
  2 frilled lizards
  3 rats
38 creatures vanquished.

Vanquished Creatures (others)
  2 plants (D:3)
2 creatures vanquished.

Grand Total: 40 creatures vanquished

Notes
Turn   | Place    | Note
-------+----------+-------------------------------------------
     0 | D:1      | Descartes the Troll Warper began the quest for the Orb.
     0 | D:1      | Reached XP level 1. HP: 19/19 MP: 1/1
   191 | D:1      | Reached XP level 2. HP: 28/28 MP: 2/2
   487 | D:1      | You fall into a shaft and drop 1 floor!
   603 | D:2      | Reached XP level 3. HP: 19/35 MP: 3/3
   884 | D:2      | Found a faded altar of an unknown god.
  1191 | D:3      | Reached XP level 4. HP: 29/44 MP: 4/4
  1336 | D:3      | Found a runed translucent door.
  1337 | D:3      | Noticed Crazy Yiuf
  1988 | D:3      | Slain by Crazy Yiuf

Illustrated notes

Levels and vault maps discovered:
D:1:      amcnicky_arrival_double_pillar, layout_basic
D:2:      layout_loops_ring, shapermc_ecumenical_altar_notcrosses,
          serial_bayou_pond_e, minmay_misc_feat_tiny, grunt_decor_one_mirror,
          kennysheep_generic_room_2
D:3:      layout_loops_ring, serial_bayou_pond_d, uniq_crazy_yiuf_cottage

Skill      XL: |  1  2 |
---------------+-------+-----
Maces & Flails | 2 |  2.9
Fighting       | 2 |  2.6
Throwing       | |  0.8
Dodging        | |  1.9
Spellcasting   | |  1.2
Translocations | |  2.9

Action                   |  1- 3 |  4- 6 || total
-------------------------+-------+-------++-------
Melee: Mace              |   109 |    51 ||   160
 Stab: Sleeping          |     1 |       ||     1
Armor: Robe              |    41 |    16 ||    57
Dodge: Dodged            |    55 |    23 ||    78
